 Dungeon Crawl Stone Soup version 0.30-a0-219-gf2db51d15e (webtiles) character file.

Game seed: 13098979391347262525

14 Morbidden the Shooter (level 2, -2/22 HPs)
             Began as a Formicid Hunter on Oct 7, 2022.
             Slain by Jessica
             ... wielding a +3 dagger of venom
              (9 damage)
             ... on level 2 of the Dungeon.
             The game lasted 00:00:42 (771 turns).

Morbidden the Shooter (Formicid Hunter)              Turns: 771, Time: 00:00:42

Health: -2/22      AC:  3    Str: 15    XL:     2   Next: 60%
Magic:  2/2        EV: 12    Int:  8    God:
Gold:   74         SH:  0    Dex: 17    Spells: 1/1 levels left

rFire   . . .      SeeInvis +    a - +0 shortbow
rCold   . . .      Faith    .    (no shield)
rNeg    . . .      Spirit   .    c - +0 leather armour
rPois   .          Reflect  .    (helmet unavailable)
rElec   .          Harm     .    (no cloak)
rCorr   .          Rampage  .    (no gloves)
Will    .....                    (no boots)
Stlth   ++........               (no amulet)
HPRegen 0.23/turn                (no ring)
MPRegen 0.08/turn                (no ring)

@: attractive
A: permanent stasis, dig shafts and tunnels, antennae 3, four strong arms
a: Dig, Shaft Self


You were on level 2 of the Dungeon.
You visited 1 branch of the dungeon, and saw 2 of its levels.

You collected 74 gold pieces.

Inventory:

Hand Weapons
 a - a +0 shortbow (weapon)
Armour
 c - a +0 leather armour (worn)
Scrolls
 b - a scroll of immolation
 d - a scroll of noise {unknown}
 e - a scroll of identify {unknown}
 f - a scroll of summoning {unknown}
 l - a scroll of butterflies {unknown}
Potions
 h - a potion of mutation {unknown}
 i - a potion of flight {unknown}
 j - a potion of haste {unknown}
 k - a potion of resistance {unknown}
 m - a potion of curing {unknown}


   Skills:
 * Level 2.2 Fighting
 * Level 4.4 Ranged Weapons
 * Level 2.0 Dodging
 + Level 1.2 Stealth


You had one spell level left.
You didn't know any spells.
Your spell library contained the following spells:

 Spells                   Type           Power      Damage    Failure   Level
 Freeze                   Ice            0%         1d3       47%         1
 Frozen Ramparts          Ice            0%         1d1       85%         3
 Hailstorm                Conj/Ice       0%         3d3       85%         3


Dungeon Overview and Level Annotations

Branches:
Dungeon (2/15)

Altars:

Annotations:
D:2 Jessica


Innate Abilities, Weirdness & Mutations

You cannot be hasted, slowed, berserked, paralysed or teleported.
You can dig through walls and to a lower floor.
You have a pair of large antennae on your head. (SInv)
Your four strong arms can wield two-handed weapons with a shield.


Message History

There are monsters nearby!
You shoot an arrow. The arrow closely misses Jessica.
Jessica gestures wildly.
There are monsters nearby!
You shoot an arrow.
The arrow barely misses the giant cockroach.
Jessica mumbles some strange words.
Jessica blinks!
You shoot an arrow.
The arrow closely misses the giant cockroach.
The giant cockroach barely misses you. The giant cockroach bites you.
You shoot an arrow. The arrow hits Jessica.
Jessica is heavily wounded.
The giant cockroach bites you. Jessica casts a spell at you.
Pain shoots through your body!
Ouch! That really hurt!
* * * LOW HITPOINT WARNING * * *
The giant cockroach bites you but does no damage.
Unknown command.
You are too injured to fight recklessly!
Unknown command.
You are too injured to fight recklessly!
Unknown command.
You are too injured to fight recklessly!
Unknown command.
You are too injured to fight recklessly!
Unknown command.
You are too injured to fight recklessly!
Unknown command.
You are too injured to fight recklessly!
Unknown command.
You are too injured to fight recklessly!
Unknown command.
Unknown command.
Unknown command.
It was a potion of attraction.
You feel attractive to monsters.
Jessica hits you with a +3 dagger of venom!
You die...

######
#############.^..#
#...........#....#
#...........#....# ###
#......@@...#....# #..
.......B....#....#####..
............#...........
......###........#####..
...... #........<...#..
...... #....##....#.#..
..... #....#####.#.#.#
..... #..... .#.#.#
#.....######.#.#


You could see Jessica and a giant cockroach.

Vanquished Creatures
  A worm (D:2)
  4 bats (D:1)
  An endoplasm (D:1)
  A giant cockroach (D:1)
  A hobgoblin (D:1)
  2 frilled lizards (D:1)
  A goblin (D:1)
  2 kobolds (D:1)
13 creatures vanquished.

Notes
Turn   | Place    | Note
-------+----------+-------------------------------------------
     0 | D:1      | Morbidden the Formicid Hunter began the quest for the Orb.
     0 | D:1      | Reached XP level 1. HP: 16/16 MP: 1/1
    50 | D:1      | Found a faded altar of an unknown god.
   188 | D:1      | Reached XP level 2. HP: 22/22 MP: 2/2
   764 | D:2      | Noticed Jessica
   771 | D:2      | Slain by Jessica

Illustrated notes

Levels and vault maps discovered:
D:1:      dpeg_arrival_lava_temple_mockup, layout_basic,
          hellmonk_ecumenical_altar_heavens_door
D:2:      layout_basic, basic_altar, uniq_jessica

Skill      XL: |  1  2 |
---------------+-------+-----
Dodging        | 2 |  2.0
Fighting       | |  2.2
Ranged Weapons | |  4.4
Stealth        | |  1.2

Action                   || total
-------------------------++-------
 Fire: Shortbow          ||    45
  Use: Potion            ||     1
Armor: Leather armour    ||     9
Dodge: Dodged            ||     6

Table legend: (Time is in decaauts)
 A = Elapsed time spent in this place.
 B = Non-inter-level travel time spent in this place.
 C = Inter-level travel time spent in this place.
 D = Time resting spent in this place.
 E = Time spent auto-exploring this place.
 F = Levels seen in this place.
 G = Mean time per level.
                   A        B        C        D        E       F      G
               +--------+--------+--------+--------+--------+-----+--------+
         Total |    785 |    753 |     32 |      0 |    656 |   2 |  392.5 |
       Dungeon |    785 |    753 |     32 |      0 |    656 |   2 |  392.5 |
               +--------+--------+--------+--------+--------+-----+--------+

Top non-repeatable levels by time:
     D:1: 710 daAuts
     D:2: 75 daAuts
